 Dungeon Crawl Stone Soup version 0.30-a0-272-gf98c3da03f (webtiles) character file.

Game seed: 10270562201107383837

217 whatisthis the Shield-Bearer (level 5, 0/53 HPs)
             Began as a Troll Fighter on Oct 16, 2022.
             Slain by a jelly (3 damage)
             ... in a sewer.
             The game lasted 00:08:25 (1565 turns).

whatisthis the Shield-Bearer (Troll Fighter)        Turns: 1565, Time: 00:08:25

Health: 0/53       AC: -3    Str: 26    XL:     5   Next: 62%
Magic:  4/4        EV:  9    Int:  4    God:
Gold:   126        SH: 12    Dex:  9    Spells: 4/4 levels left

rFire   . . .      SeeInvis .      - Unarmed
rCold   . . .      Faith    .    b - +0 kite shield
rNeg    . . .      Spirit   .    a - +0 robe
rPois   .          Reflect  +    (helmet restricted)
rElec   .          Harm     .    c - +0 cloak
rCorr   .          Rampage  .    (gloves unavailable)
Will    +....                    (boots unavailable)
Stlth   +.........               n - amulet of reflection
HPRegen 1.08/turn                f - ring of willpower
MPRegen 0.09/turn                (no ring)

@: corroded
A: large, unfitting armour, claws 3, regeneration 1, shaggy fur 1, tough skin 1
a: no special abilities


You were in a sewer.
You visited 1 branch of the dungeon, and saw 3 of its levels.
You also visited: Sewer.

You collected 126 gold pieces.

Inventory:

Missiles
 d - 41 stones (quivered)
Armour
 a - a +0 robe (worn)
 b - a +0 kite shield (worn)
 c - a +0 cloak (worn)
Jewellery
 f - a ring of willpower (left claw)
 n - an amulet of reflection (around neck)
Scrolls
 g - a scroll of amnesia {unknown}
 i - a scroll of teleportation {unknown}
 j - a scroll of noise {unknown}
 k - a scroll of vulnerability {unknown}
 l - a scroll of magic mapping {unknown}
 m - a scroll of butterflies {unknown}
Potions
 e - a potion of attraction {unknown}
 h - a potion of curing {unknown}


   Skills:
 + Level 3.3 Fighting
 + Level 3.3 Dodging
 + Level 3.7 Shields
 + Level 3.3 Unarmed Combat


You had 4 spell levels left.
You didn't know any spells.
Your spell library was empty.

Dungeon Overview and Level Annotations

Branches:
Dungeon (3/15)              Sewer (1/1)

Altars:
Nemelex Xobeh


Innate Abilities, Weirdness & Mutations

You are too large for most types of armour.
You have claws for hands.
Your natural rate of healing is unusually fast.
You are covered in fur. (AC +1)
You have tough skin. (AC +1)


Message History

The jelly is lightly wounded.
The jelly hits you but does no damage.
You barely miss the jelly.
The jelly is lightly wounded.
You block the jelly's attack. x2
You scratch the jelly but do no damage.
Your claws burn!
The jelly is lightly wounded.
You block the jelly's attack. x2
You claw the jelly!
Your claws burn!
The jelly is heavily wounded.
You block the jelly's attack. The jelly hits you but does no damage.
You scratch the jelly.
Your claws burn!
The jelly is heavily wounded.
The jelly closely misses you. You block the jelly's attack.
You scratch the jelly.
Your claws burn!
The jelly is severely wounded.
You block the jelly's attack. The jelly hits you but does no damage.
You scratch the jelly but do no damage. The acid corrodes you!
Your claws burn!
The jelly is severely wounded.
You block the jelly's attack. x2
You claw the jelly!
You kill the jelly!
The jelly hits you.
You are splashed with acid!
You barely miss the jelly. The jelly hits you. The acid corrodes you!
You are splashed with acid!
The jelly hits you.
* * * LOW HITPOINT WARNING * * *
The acid corrodes you!
You are splashed with acid!
* * * LOW HITPOINT WARNING * * *
Okay, then.
Okay, then.
The jelly attacks as you move away! The jelly hits you.
* * * LOW HITPOINT WARNING * * *
You are splashed with acid.
* * * LOW HITPOINT WARNING * * *
The jelly attacks as you move away! You block the jelly's attack.
You claw the jelly! The acid corrodes you!
Your claws burn!
* * * LOW HITPOINT WARNING * * *
The jelly is moderately wounded.
The jelly hits you.
You die...

#############
#~...~~...~~####
....~~~.~~~~.~~## ##
..#########.~~.~# .~#
### ###..~## #..# #
##.~~## #~..#
#.~..###...#
##~@~~~~.~#
##########
##J.~...###
..~.~....#
##...~~.~###
......†.~##
##†~..~~~~.#
#######.~##.
##~..#~~~~.~~
#..##.~##~..##~~.##..
#..##.~.~..## ~~~.#
#######..###~...~#
~#~~# ...~....~#
####††# ##..#


You could see a jelly.

Vanquished Creatures
  A jelly (Sewer)
  Crazy Yiuf (D:2)
  10 adders
  2 river rats (Sewer)
  An orc (D:3)
  3 endoplasms
  3 giant cockroaches
  5 goblins
  A hobgoblin (D:2)
  4 jackals (D:2)
  3 quokkas
  8 ball pythons
  4 bats
  2 frilled lizards (D:1)
  7 kobolds
  3 rats
58 creatures vanquished.

Notes
Turn   | Place    | Note
-------+----------+-------------------------------------------
     0 | D:1      | whatisthis the Troll Fighter began the quest for the Orb.
     0 | D:1      | Reached XP level 1. HP: 22/22 MP: 0/0
   193 | D:1      | Reached XP level 2. HP: 29/29 MP: 1/1
   781 | D:2      | Reached XP level 3. HP: 15/36 MP: 2/2
   817 | D:2      | Found a sparkling altar of Nemelex Xobeh.
   933 | D:2      | Found a runed translucent door.
   934 | D:2      | Noticed Crazy Yiuf
   992 | D:2      | Found a faded altar of an unknown god.
  1011 | D:2      | Reached XP level 4. HP: 44/44 MP: 3/3
  1255 | D:2      | Killed Crazy Yiuf
  1415 | D:3      | Found a glowing drain.
  1437 | D:3      | Reached XP level 5. HP: 44/53 MP: 4/4
  1453 | Sewer    | Entered a sewer
  1565 | Sewer    | HP: 2/53 [acid (4)]
  1565 | Sewer    | Slain by a jelly

Illustrated notes

Levels and vault maps discovered:
D:1:      minmay_arrival_plants_in_alcoves, layout_loops_ring,
          minmay_statues_item
D:2:      layout_rooms, basic_altar, hellmonk_ecumenical_altar_arch_garden,
          uniq_crazy_yiuf_cottage
D:3:      layout_loops_corners, mainiacjoe_overflow_alcove_1,
          gup_sewer_entry_glass, uniq_terence
Sewer:    sewer_hellmonk_slimy_pipes

Skill      XL: |  1  2  3  4 |
---------------+-------------+-----
Shields        | 3 |  3.7
Fighting       | 3 |  3.3
Dodging        | 3 |  3.3
Unarmed Combat | 3 |  3.3

Action                   |  1- 3 |  4- 6 || total
-------------------------+-------+-------++-------
Melee: Unarmed           |   102 |    67 ||   169
  Use: Potion            |       |     1 ||     1
 Stab: Sleeping          |     1 |     1 ||     2
Armor: Robe              |    37 |    16 ||    53
Dodge: Dodged            |    34 |     8 ||    42
Block: Kite shield       |    45 |    43 ||    88

Table legend: (Time is in decaauts)
 A = Elapsed time spent in this place.
 B = Non-inter-level travel time spent in this place.
 C = Inter-level travel time spent in this place.
 D = Time resting spent in this place.
 E = Time spent auto-exploring this place.
 F = Levels seen in this place.
 G = Mean time per level.
                   A        B        C        D        E       F      G
               +--------+--------+--------+--------+--------+-----+--------+
         Total |   1574 |   1505 |     69 |     24 |    897 |   4 |  393.5 |
       Dungeon |   1452 |   1383 |     69 |     24 |    897 |   3 |  484.0 |
         Sewer |    121 |    121 |      0 |      0 |      0 |   1 |  121.0 |
               +--------+--------+--------+--------+--------+-----+--------+

Top non-repeatable levels by time:
     D:1: 727 daAuts
     D:2: 601 daAuts
     D:3: 124 daAuts
   Sewer: 121 daAuts
